 Dungeon Crawl Stone Soup version 0.26-a0-661-g406de6ba63 (webtiles) character file.

Game seed: 720695404248491314

4316 tacoguy the Grappler (level 10, 0/98 HPs)
             Began as a Troll Monk on Oct 8, 2020.
             Was a Follower of Qazlal.
             Slain by a manticore (13 damage)
             ... on level 8 of the Dungeon.
             The game lasted 00:20:45 (6534 turns).

tacoguy the Grappler (Troll Monk)                   Turns: 6534, Time: 00:20:45

Health: 0/98       AC:  9    Str: 24    XL:     10   Next: 11%
Magic:  9/9        EV: 12    Int:  6    God:    Qazlal [*.....]
Gold:   182        SH:  1    Dex: 12    Spells: 9/9 levels left

rFire    . . .     SeeInvis .     - Unarmed
rCold    . . .     Faith    .   (no shield)
rNeg     . . .     Spirit   .   a - +0 robe
rPois    +         Reflect  .   (helmet restricted)
rElec    .         Harm     .   j - +2 cloak {rPois}
rCorr    .         Rampage  .   (gloves unavailable)
MR       .....                  (boots unavailable)
Stlth    +.........             (no amulet)
HPRegen  0.66/turn              x - ring of ice
MPRegen  0.11/turn              z - ring of fire

@: no status effects
A: large, unfitting armour, claws 3, regeneration 1, shaggy fur 1, tough skin 3
a: Renounce Religion


You were on level 8 of the Dungeon.
You worshipped Qazlal.
Qazlal was aware of your devotion.
You visited 1 branch of the dungeon, and saw 8 of its levels.

You collected 350 gold pieces.
You spent 168 gold pieces at shops.

Inventory:

Armour
 a - a +0 robe (worn)
 j - a +2 cloak of poison resistance (worn)
Jewellery
 x - a ring of ice (left claw)
 z - a ring of fire (right claw)
Wands
 c - a wand of iceblast (9)
 q - a wand of flame (53)
 u - a wand of random effects (18)
 y - a wand of acid (10)
Scrolls
 e - 4 scrolls of enchant weapon {unknown}
 h - 3 scrolls of teleportation
 i - a scroll of enchant armour {unknown}
 k - 2 scrolls of immolation {unknown}
 m - 3 scrolls of remove curse {unknown}
 n - 2 scrolls of magic mapping {unknown}
 p - a scroll of amnesia {unknown}
 r - 2 scrolls of blinking {unknown}
 s - 2 scrolls of identify
 B - a scroll of noise {unknown}
 C - a scroll of fog {unknown}
Potions
 d - a potion of haste
 f - 2 potions of magic
 g - a potion of invisibility
 l - a potion of lignification
 o - a potion of berserk rage {unknown}
 t - 2 potions of might {unknown}
 v - a potion of heal wounds {unknown}
 w - a potion of brilliance {unknown}
 A - a potion of degeneration {unknown}


   Skills:
 + Level 6.0 Fighting
 + Level 5.4 Armour
 + Level 6.0 Dodging
 - Level 1.0 Stealth
 * Level 9.8 Unarmed Combat


You had 9 spell levels left.
You didn't know any spells.
Your spell library contained the following spells:

 Spells                   Type           Power        Failure   Level
 Confusing Touch          Hex            #.......     83%         3
 Gell's Gravitas          Tloc           #.........   83%         3
 Petrify                  Tmut/Erth      #.......     99%         4
 Metabolic Englaciation   Hex/Ice        #.........   100%        5
 Yara's Violent Unravell  Hex/Tmut       #.........   100%        5


Dungeon Overview and Level Annotations

Branches:
Dungeon (8/15)             Temple (0/1) D:6
   Lair: D:8-11

Altars:
Fedhas
Qazlal
Yredelemnul

Shops:
D:6 (*[*(


Innate Abilities, Weirdness & Mutations

You are too large for most types of armour.
You have claws for hands.
Your natural rate of healing is unusually fast.
You are covered in fur. (AC +1)
You have extremely tough skin. (AC +3)


Message History

You scratch the manticore.
The manticore is almost dead.
The manticore closely misses you.
The manticore claws you but does no damage.
The manticore claws you.
You barely miss the manticore.
The manticore is almost dead.
The manticore bites you!!
* * * LOW HITPOINT WARNING * * *
The manticore claws you!
* * * LOW HITPOINT WARNING * * *
The manticore claws you!
* * * LOW HITPOINT WARNING * * *
You feel better. The manticore barely misses you. The manticore misses you.
The manticore claws you.
* * * LOW HITPOINT WARNING * * *
You feel better. The manticore bites you!
* * * LOW HITPOINT WARNING * * *
The manticore claws you!
You die...

†......)..##.[(##
.#........#.....#
.########.#.....#
. #.#.....# .
#.##...## .
#.###'### #### .
#.......##...## .
#.†.....#...[.#
#....8..@○....#
#.......#H.[..#
#.......##...##
#####+### ####


You could see a manticore.

Vanquished Creatures
  The ghost of TigOlBitties the Thaumaturge, a novice DEAE (D:6)
  The ghost of GoodGuyCap the Insei, a novice OpMo (D:7)
  Grinder (D:4)
  Prince Ribbit (D:7)
  Menkaure (D:7)
  Edmund (D:5)
  Duvessa (D:6)
  5 ice beasts
  2 black bears (D:6)
  2 phantoms
  A necrophage (D:7)
  2 centaurs
  3 ogres
  A bullfrog (D:6)
  A gnoll sergeant (D:6)
  A scorpion (D:8)
  2 jellies
  A wight (D:7)
  A howler monkey (D:7)
  A bullfrog zombie (D:7)
  3 quasits
  Crazy Yiuf (D:2)
  A gnoll shaman (D:6)
  A hound (D:7)
  5 orc priests
  A centaur skeleton (D:4)
  An iguana (D:4)
  Natasha (thrice) (D:3)
  3 orc wizards (D:3)
  5 worker ants
  A killer bee zombie (D:8)
  A hound zombie (D:6)
  A mummy (D:7)
  A worker ant zombie (D:7)
  12 gnolls (D:6)
  12 adders
  A shadow imp (D:8)
  4 white imps (D:6)
  2 oozes
  A worm (D:3)
  2 dart slugs
  5 leopard geckos
  17 orcs
  7 goblins
  7 hobgoblins
  12 jackals
  9 kobolds
  4 quokkas
  3 ball pythons
  6 bats
  6 frilled lizards
  A hobgoblin zombie (D:7)
  A jackal skeleton (D:4)
  2 leopard gecko skeletons
  3 orc zombies (D:7)
  A quokka simulacrum (D:6)
  4 rats
180 creatures vanquished.

Vanquished Creatures (collateral kills)
  Dowan (D:6)
  A howler monkey (D:7)
2 creatures vanquished.

Vanquished Creatures (others)
  A kobold (D:3)
1 creature vanquished.

Grand Total: 183 creatures vanquished

Notes
Turn   | Place    | Note
-------+----------+-------------------------------------------
     0 | D:1      | tacoguy the Troll Monk began the quest for the Orb.
     0 | D:1      | Reached XP level 1. HP: 22/22 MP: 0/0
   212 | D:1      | Reached XP level 2. HP: 26/29 MP: 1/1
   898 | D:2      | Reached XP level 3. HP: 36/36 MP: 2/2
   943 | D:2      | Found a faded altar of an unknown god.
  1022 | D:2      | Reached skill level 1 in Armour
  1089 | D:2      | Reached XP level 4. HP: 35/44 MP: 3/3
  1233 | D:2      | Found a runed translucent door.
  1234 | D:2      | Noticed Crazy Yiuf
  1245 | D:2      | Killed Crazy Yiuf
  1245 | D:2      | Reached skill level 4 in Unarmed Combat
  1440 | D:3      | Noticed Natasha
  1445 | D:3      | Killed Natasha
  1445 | D:3      | Reached XP level 5. HP: 53/53 MP: 4/4
  1627 | D:3      | Found a basalt altar of Yredelemnul.
  1661 | D:3      | Became a worshipper of Yredelemnul the Dark
  1661 | D:3      | Reached * piety under Yredelemnul
  1661 | D:3      | Reached ** piety under Yredelemnul
  1687 | D:3      | Noticed Natasha
  1694 | D:3      | Killed Natasha
  1694 | D:3      | Reached XP level 6. HP: 53/61 MP: 5/5
  1784 | D:3      | Reached skill level 5 in Unarmed Combat
  1930 | D:3      | Noticed Natasha
  1933 | D:3      | Killed Natasha
  2249 | D:4      | Found a blossoming altar of Fedhas.
  2508 | D:4      | Noticed Grinder
  2517 | D:4      | Paralysed by Grinder for 2 turns
  2520 | D:4      | Killed Grinder
  2520 | D:4      | Reached skill level 6 in Unarmed Combat
  2520 | D:4      | Reached XP level 7. HP: 51/68 MP: 6/6
  2613 | D:4      | Reached *** piety under Yredelemnul
  3168 | D:5      | Entered Level 5 of the Dungeon
  3184 | D:5      | Reached XP level 8. HP: 78/78 MP: 7/7
  3383 | D:5      | Noticed Edmund
  3396 | D:5      | Killed Edmund
  3396 | D:5      | Reached skill level 7 in Unarmed Combat
  4101 | D:6      | Found Eriot's Armour Emporium.
  4101 | D:6      | Found Waunef's General Store.
  4440 | D:6      | Found a runed translucent gate.
  4440 | D:6      | Found a runed translucent gate.
  4440 | D:6      | Found a runed translucent gate.
  4542 | D:6      | Noticed TigOlBitties's ghost (novice DEAE)
  4730 | D:6      | Reached **** piety under Yredelemnul
  4754 | D:6      | Found a staircase to the Ecumenical Temple.
  4844 | D:6      | Reached skill level 8 in Unarmed Combat
  4851 | D:6      | Reached skill level 5 in Fighting
  4851 | D:6      | Reached XP level 9. HP: 61/88 MP: 8/8
  4862 | D:6      | Killed TigOlBitties's ghost
  4862 | D:6      | Reached skill level 5 in Dodging
  4862 | D:6      | Received a gift from Yredelemnul (a wight)
  5038 | D:6      | Found Ocoatsy's Weapon Shoppe.
  5121 | D:6      | Found Atankeg's Assorted Antiques.
  5254 | D:6      | Bought a scarf of repulsion for 168 gold pieces
  5404 | D:6      | Noticed Duvessa
  5407 | D:6      | Noticed Dowan
  5412 | D:6      | Killed Duvessa
  5414 | D:6      | Found Ofogef's Antique Weapon Boutique.
  5422 | D:6      | Killed Dowan
  5608 | D:7      | Found a stormy altar of Qazlal.
  5614 | D:7      | Fell from the grace of Yredelemnul
  5614 | D:7      | Became a worshipper of Qazlal Stormbringer
  5684 | D:7      | Noticed Prince Ribbit
  5697 | D:7      | Killed Prince Ribbit
  5697 | D:7      | Reached skill level 9 in Unarmed Combat
  5810 | D:7      | Reached skill level 5 in Armour
  5874 | D:7      | Noticed Menkaure
  5877 | D:7      | Killed Menkaure
  5981 | D:7      | Found a large runed translucent door.
  5984 | D:7      | Found a large runed translucent door.
  5986 | D:7      | Noticed GoodGuyCap's ghost (novice OpMo)
  6003 | D:7      | Killed GoodGuyCap's ghost
  6003 | D:7      | Reached XP level 10. HP: 82/98 MP: 9/9
  6136 | D:7      | Reached * piety under Qazlal
  6522 | D:8      | Noticed a manticore
  6534 | D:8      | Slain by a manticore

Illustrated notes

Levels and vault maps discovered:
D:1:      elethiomel_arrival_quiet, layout_basic
D:2:      layout_rooms, chequers_ecumenical_altar_simple_redux,
          uniq_crazy_yiuf_cottage
D:3:      layout_loops_ring, lemuel_round_altar, uniq_natasha
D:4:      layout_gridville, st_stairs_5, fedhas_bush_and_centaur_altar,
          uniq_grinder
D:5:      layout_loops_corners, uniq_edmund
D:6:      layout_basic, minmay_temple_entry_fiery, serial_shops,
          nicolae_shop_overgrown_old_shop, shop, shop, shop, shop,
          gammafunk_ghost_icy, uniq_duvessa
D:7:      layout_loops_ring, grunt_qazlal_clouds, ebering_ghost_disaster_area,
          minmay_mini_ossuary, uniq_menkaure, uniq_prince_ribbit1
D:8:      layout_loops_ring, minmay_three_doors

Skill      XL: |  1  2  3  4  5  6  7  8  9 10 |
---------------+-------------------------------+-----
Armour         | 1 2 3 4 5 |  5.4
Unarmed Combat | 4 6 8 9 |  9.8
Fighting       | 3 4 5 6 |  6.0
Dodging        | 3 4 5 6 |  6.0
Stealth        | |  1.0

Action                   |  1- 3 |  4- 6 |  7- 9 | 10-12 || total
-------------------------+-------+-------+-------+-------++-------
Melee: Unarmed           |    97 |   160 |   247 |    45 ||   549
       Punch             |     2 |     1 |     6 |       ||     9
Invok: Animate Dead      |       |       |     1 |       ||     1
  Use: Scroll            |     1 |     5 |       |       ||     6
       Potion            |       |       |       |     2 ||     2
 Stab: Sleeping          |     1 |     1 |     1 |       ||     3
Armor: Robe              |    73 |    62 |    82 |    12 ||   229
Dodge: Dodged            |    76 |    84 |   132 |    35 ||   327

Table legend: (Time is in decaauts)
 A = Elapsed time spent in this place.
 B = Non-inter-level travel time spent in this place.
 C = Inter-level travel time spent in this place.
 D = Time resting spent in this place.
 E = Time spent auto-exploring this place.
 F = Levels seen in this place.
 G = Mean time per level.
                   A        B        C        D        E       F      G
               +--------+--------+--------+--------+--------+-----+--------+
         Total |   6476 |   5977 |    499 |    634 |   3767 |   8 |  809.5 |
       Dungeon |   6476 |   5977 |    499 |    634 |   3767 |   8 |  809.5 |
               +--------+--------+--------+--------+--------+-----+--------+

Top non-repeatable levels by time:
     D:6: 1410 daAuts
     D:4: 931 daAuts
     D:5: 926 daAuts
     D:1: 888 daAuts
     D:7: 870 daAuts
     D:3: 844 daAuts
     D:2: 485 daAuts
     D:8: 120 daAuts
